Description

A fun little build order me and a friend put together for personal use

Build Order

Get SALT Encoding   

  13  0:23  Extractor x2  make 2 drones to max out supply cap then cancel a extractor for 15/14 supply
  15  0:37  Overlord  
  14  0:52  Spawning Pool  
  19  1:35  Extractor  
  19  1:40  Queen  
  22  1:51  Overlord  
  23  2:12  Hatchery  
  23  2:20  Lair  
  22  2:34  Roach Warren  
  29  3:18  Tunneling Claws  
  29  3:21  Burrow  
  35  3:41  Overlord  
  38  3:59  Queen  
  44  4:31  Overlord x3  
  43  4:35  Extractor  
  45  4:50  Roach x6  
  55  4:57  Glial Reconstitution  
  57  5:01  Roach x6  
Spawning Tool Build Advisor. Get it on Overwolf

Go to:

Details

  • Created by: M0ttkt
  • Published on: Aug 18, 2018
  • Modified on: Aug 19, 2018
  • Patch: 4.0.0
Show
View Real Time Build Order
Export as new Build Order

Comments (0)

There are no comments. Be the first!

Create an account to comment!